 Dungeon Sprint DCSS version 0.28.0-43-g3370ac3207 (webtiles) character file.

Game seed: 11642947425763203592

130 Groucho the Covert (level 4, -4/21 HPs)
             Began as a Spriggan Enchanter on Mar 27, 2022.
             Slain by a neqoxec (6 damage)
             ... in the Dungeon (Sprint II: "The Violet Keep of Menkaure").
             The game lasted 00:00:23 (16 turns).

Groucho the Covert (Spriggan Enchanter)               Turns: 16, Time: 00:00:24

Health: -4/21      AC:  2    Str:  6    XL:     4   Next: 90%
Magic:  7/13       EV: 17    Int: 16    God:
Gold:   0          SH:  0    Dex: 15    Spells: 15/15 levels left

rFire   . . .      SeeInvis +   a - +1 dagger
rCold   . . .      Faith    .   (no shield)
rNeg    . . .      Spirit   .   b - +0 robe
rPois   .          Reflect  .   (helmet restricted)
rElec   .          Harm     .   (no cloak)
rCorr   .          Rampage  .   (gloves unavailable)
Will    .....      NoTele   +   (boots unavailable)
Stlth   +++++.....              (no amulet)
HPRegen 0.07/turn               (no ring)
MPRegen 0.13/turn               (no ring)

@: on berserk cooldown, slowed, quick
A: very small, no large weapons, unfitting armour, see invisible, speed 3
a: no special abilities


You were in the Dungeon.
You visited 1 branch

Inventory:

Hand Weapons
 a - a +1 dagger (weapon)
Armour
 b - a +0 robe (worn)
Scrolls
 i - a scroll of blinking
Potions
 c - a potion of invisibility
 d - a potion of curing
 e - a potion of heal wounds
 f - a potion of haste
 g - 2 potions of magic


   Skills:
 - Level 1.1 Short Blades
 - Level 2.6 Dodging
 * Level 11.5 Stealth
 + Level 6.4 Spellcasting
 + Level 6.9 Hexes


You had 15 spell levels left.
You didn't know any spells.
Your spell library contained the following spells:

 Spells                   Type           Power      Damage    Failure   Level
 Confusing Touch          Hex            27%        N/A       2%          3
 Tukima's Dance           Hex            27%        N/A       2%          3
 Ensorcelled Hibernation  Hex/Ice        32%        N/A       4%          2
 Dazzling Flash           Conj/Hex       32%        N/A       10%         3


Dungeon Overview and Level Annotations

Branches:
Dungeon (1/1)

Altars:

Shops:
D :!(!=


Innate Abilities, Weirdness & Mutations

You are very small and have problems with some larger weapons.
You are too small for most types of armour.
You have supernaturally acute eyesight. (SInv)
You cover ground extremely quickly. (Speed+++)


Message History

You puncture the neqoxec!
The neqoxec is almost dead.
The neqoxec gestures at you.
You feel dopey. Something feeds on your intellect!
You puncture the neqoxec!
You kill the neqoxec!
You feel your intelligence returning.
Your Stealth skill gained 7 levels and is now at level 11!
Your Spellcasting skill gained 4 levels and is now at level 6!
Your Hexes skill gained 3 levels and is now at level 6!
You have reached level 2!
You have reached level 3!
Your experience leads to an increase in your attributes!
Increase (S)trength, (I)ntelligence, or (D)exterity?
You feel stronger. x2
You have reached level 4!
Unknown command.
There is an open door here.
You feel a strong urge to attack something.
A neqoxec comes into view.
Found 243 gold pieces.
You are no longer berserk.
You are exhausted.
You feel yourself slow down.
The neqoxec shouts!
The neqoxec hits you!
A neqoxec comes into view.
You barely miss the neqoxec.
A neqoxec opens the door.
The neqoxec barely misses you.
A neqoxec comes into view.
Found five shops.
The neqoxec shouts!
You hit the neqoxec.
The neqoxec is lightly wounded.
The neqoxec hits you!
Ouch! That really hurt!
* * * LOW HITPOINT WARNING * * *
The neqoxec hits you.
You die...

..∩ .∩.
∩.∩#
.∩.#≈##
#+# .#≈#3
###.##
≈'3##'.<.+
#3#.##.##
#@###+#
###


You could see 3 neqoxecs.

Vanquished Creatures
  A neqoxec (D)
1 creature vanquished.

Notes
Turn   | Place    | Note
-------+----------+-------------------------------------------
     0 | D        | Groucho the Spriggan Enchanter began the quest for the Orb.
     0 | D        | Reached XP level 1. HP: 9/9 MP: 5/5
     1 | D        | Noticed a neqoxec
    11 | D        | Killed a neqoxec
    12 | D        | Reached skill level 11 in Stealth
    12 | D        | Reached XP level 2. HP: 13/13 MP: 6/10
    12 | D        | Reached XP level 3. HP: 16/16 MP: 6/11
    12 | D        | Reached XP level 4. HP: 21/21 MP: 7/13
    14 | D        | Noticed a neqoxec
    14 | D        | Noticed a neqoxec
    15 | D        | Found Xafiryk's Weapon Shop.
    15 | D        | Found Rofezar's Jewellery Shop.
    15 | D        | Found Yraske's Book Boutique.
    15 | D        | Found Gibrakan's Distillery.
    15 | D        | Found Xosanilla's Distillery.
    15 | D        | Noticed a neqoxec
    16 | D        | Slain by a neqoxec

Illustrated notes

Levels and vault maps discovered:
D:        the_violet_keep_of_menkaure [sprint2_stairs_cluster_1,
          sprint2_shoproom, sprint2_temple, sprint2_basic_supplies,
          sprint2_obstacle_6, sprint2_obstacle_4, sprint2_obstacle_7,
          sprint2_obstacle_2, sprint2_obstacle_1, sprint2_timed_cluster_1,
          sprint2_smallroom_cluster_1, sprint2_smallroom_final_cluster_1,
          sprint2_transparent_cluster_1, sprint2_second_timed_cluster_1,
          sprint2_sniper_area_1, sprint2_heavy_combat_area_1,
          sprint2_mutation_trap_area_1, sprint2_forest_area_1,
          sprint2_light_combat_area_1, sprint2_behind_water_1,
          sprint2_near_end_vault_1]

Skill      XL: |  1 |
---------------+----+-----
Stealth        | 11 | 11.5
Spellcasting   | 6 |  6.4
Hexes          | 6 |  6.9
Short Blades   | |  1.1
Dodging        | |  2.6

Action                   |  1- 3 |  4- 6 || total
-------------------------+-------+-------++-------
Melee: Dagger            |     9 |     2 ||    11
  Use: Potion            |     1 |       ||     1
Dodge: Dodged            |     4 |     1 ||     5
